 Dungeon Crawl Stone Soup version 0.21.1-72-gffa868e (webtiles) character file.

52854 nicolaieve the Tortoise (level 14, -5/137 HPs)
             Began as a Minotaur Berserker on Aug 5, 2018.
             Was a High Priest of Trog.
             Killed by divine providence
             ... invoked by an orc high priest
              (13 damage)
             ... on level 2 of the Orcish Mines.
             The game lasted 01:38:16 (18036 turns).

nicolaieve the Tortoise (Minotaur Berserker)       Turns: 18036, Time: 01:38:17

Health: -5/137     AC: 30    Str: 22    XL:     14   Next: 28%
Magic:  13/13      EV: 14    Int:  4    God:    Trog [*****.]
Gold:   2007       SH:  6    Dex: 15    Spells: 13/13 levels left

rFire    . . .     SeeInvis .   D - +1 whip (flame)
rCold    + . .     Gourm    +   O - +1 buckler {AC+3}
rNeg     + . .     Faith    .   N - +1 plate armour {MR+}
rPois    .         Spirit   .   k - +1 hat
rElec    +         Reflect  .   H - +0 cloak
rCorr    +         Harm     .   P - +0 pair of gloves of Amorality {+Blink rElec rC+ rN+}
MR       ++...                  (no boots)
Stlth    ..........             E - amulet of the gourmand
HPRegen  0.32/turn              g - +4 ring of protection
MPRegen  0.13/turn              q - ring of resist corrosion

@: lethally poisoned (-5 -> -5), berserk cooldown, slowed, very slow
A: retaliatory headbutt, horns 2
a: Berserk, Trog's Hand, Brothers in Arms, Burn Spellbooks, Renounce Religion,
Evoke Blink


You were on level 2 of the Orcish Mines.
You worshipped Trog.
Trog was extremely pleased with you.
You were not hungry.

You visited 3 branches of the dungeon, and saw 17 of its levels.
You also visited: Labyrinth.

You collected 2286 gold pieces.
You spent 279 gold pieces at shops.

Inventory:

Hand Weapons
 D - a +1 whip of flaming (weapon)
Armour
 k - a +1 hat (worn)
 H - a +0 cloak (worn)
 M - a scarf of cloud immunity
 N - a +1 plate armour of magic resistance (worn)
 O - a +1 buckler of protection (worn)
 P - the +0 pair of gloves of Amorality (worn) {+Blink rElec rC+ rN+}
   (You found it in a labyrinth)

   It protects you from cold.
   It insulates you from electricity.
   It protects you from negative energy.
   It lets you blink.
Jewellery
 g - a +4 ring of protection (left hand)
 n - an uncursed ring of protection from cold
 q - a ring of resist corrosion (right hand)
 B - a +4 ring of dexterity
 E - an amulet of the gourmand (around neck)
 G - an uncursed ring of positive energy
Wands
 a - a wand of flame (25)
 b - a wand of acid (15)
 r - a wand of disintegration (8)
 x - a wand of enslavement (18)
 A - a wand of digging (24)
 K - a wand of polymorph (25)
 L - a wand of iceblast (21)
Scrolls
 f - 4 scrolls of immolation
 i - 3 scrolls of enchant weapon
 j - 9 scrolls of teleportation
 m - 6 scrolls of remove curse
 s - 3 scrolls of fog
 t - 3 scrolls of magic mapping
 u - 2 scrolls of blinking {unknown}
 y - a scroll of summoning
 z - a scroll of enchant armour {unknown}
 C - 4 scrolls of fear {unknown}
 J - 3 scrolls of noise {unknown}
Potions
 e - 2 potions of flight
 h - 4 potions of curing
 l - 4 potions of haste
 o - 4 potions of invisibility
 p - 2 potions of heal wounds
 v - a potion of berserk rage
 F - 2 potions of mutation
 I - a potion of agility
Comestibles
 c - 39 rations
 d - 26 chunks of flesh


   Skills:
 + Level 16.0 Fighting
 - Level 12.0 Maces & Flails
 + Level 17.4 Armour
 * Level 11.5 Dodging
 - Level 4.1 Shields


You had 13 spell levels left.
You didn't know any spells.

Dungeon Overview and Level Annotations

Branches:
Dungeon (9/15)             Temple (0/1) D:7            Lair (6/6) D:8
  Swamp (0/4) Lair:2        Snake (0/4) Lair:4        Slime (0/5) Lair:5
    Orc (2/2) D:9             Elf (0/3) Orc:2

Altars:
Dithmenos
Elyvilon
Makhleb
Okawaru
Qazlal
Ru
Sif Muna

Shops:
D:8 ?

Annotations:
Lair:5 exclusion: 3 oklob plants


Innate Abilities, Weirdness & Mutations

You reflexively headbutt those who attack you in melee.
You have a pair of horns on your head.


Message History

a war axe; an orc skeleton The orc priest mumbles some strange prayers to Beogh against you.
Beogh smites you!
* * * LOW HITPOINT WARNING * * *
You feel sick.
The orc priest calls down the wrath of Beogh upon you.
Beogh smites you!
* * * LOW HITPOINT WARNING * * *
The orc high priest barely misses you.
Unknown command.
The orc priest mumbles some strange prayers to Beogh against you.
Beogh smites you!
* * * LOW HITPOINT WARNING * * *
An orc wizard comes into view. It is wielding a dagger.
The orc wizard shouts!
Unknown command.
Unknown command.
The orc high priest mumbles some strange prayers to Beogh against you.
Beogh smites you!
You die...

..........#.##
##..##.##.........
#.###.#......#
#....#####........
[#..........## ##..##
##.#.#...
)).........## ####
#...#..(.
)#.......###
##.#....# ........##
####.... ..#....##
#################.#
.#......#
##...o.)............
#.......##
##..@.ooo.o..........
##.##....#
#...######o).######..
######.##
#))##....)))o)....##.
###
#)##.........o.....##
#)#......#####......#
#.#...... .o....#
#.#.....# #.....#
#.#....# #o...#
#.#..#. .#..#


You could see an orc high priest, 4 orc priests and an orc wizard.

Vanquished Creatures
  Rupert (Lair:4)
  The ghost of sipior the Fighter, an adept GrEE of Vehumet (Lair:4)
  A minotaur (Lab)
  Harold (Lair:4)
  Erica (D:8)
  2 hydras
  A two-headed ogre (D:9)
  An orc high priest (Orc:2)
  Urug (Lair:4)
  2 orc knights
  Pikel (D:8)
  2 orc sorcerers
  6 elephants (Lair:5)
  Joseph (D:9)
  2 black mambas (Lair:4)
  Maurice (D:9)
  6 rime drakes
  8 spiny frogs
  6 trolls
  3 polar bears (Lair:6)
  5 komodo dragons
  Prince Ribbit (D:6)
  3 tyrant leeches (Lair:2)
  10 hornets
  A minotaur zombie (Lab)
  4 hippogriffs
  19 dream sheep
  15 blink frogs
  A redback (Lab)
  A shadow (Lab)
  16 spriggans (Lair:6)
  Sigmund (D:4)
  3 basilisks
  A wyvern (D:8)
  30 yaks
  Grum (D:9)
  4 hungry ghosts
  A warg (Orc:1)
  2 swamp worms (Lair:2)
  Menkaure (D:7)
  7 water moccasins
  4 nagas (Lair:4)
  A soldier ant (D:8)
  9 porcupines
  15 orc warriors
  A sky beast (D:6)
  4 slaves (D:8)
  2 necrophages
  2 ice beasts (D:6)
  3 phantoms
  5 black bears
  13 ogres
  A centaur (D:7)
  41 wolves
  3 boggarts (Lair:6)
  6 crocodiles
  11 bullfrogs
  3 killer bees (D:7)
  8 wights (D:8)
  3 crimson imps
  A bullfrog skeleton (D:8)
  2 jellies (D:9)
  3 hounds
  15 orc priests
  15 orc wizards
  A centaur skeleton (D:4)
  2 iguanas
  8 worker ants
  A hound skeleton (D:8)
  15 adders
  3 shadow imps
  3 oozes
  An adder zombie (D:9)
  An adder skeleton (D:8)
  2 worms
  4 dart slugs
  2 leopard geckos
  44 orcs
  3 giant cockroaches
  5 hobgoblins
  9 jackals
  11 kobolds
  2 quokkas
  2 ball pythons
  10 bats
  3 frilled lizards
  7 goblins
  A quokka skeleton (D:4)
  8 rats
494 creatures vanquished.

Vanquished Creatures (others)
  9 fungi
  3 plants
12 creatures vanquished.

Grand Total: 506 creatures vanquished

Notes
Turn   | Place    | Note
-------+----------+-------------------------------------------
     0 | D:1      | nicolaieve the Minotaur Berserker began the quest for the Orb.
     0 | D:1      | Reached XP level 1. HP: 19/19 MP: 0/0
    86 | D:1      | Reached XP level 2. HP: 24/26 MP: 1/1
   715 | D:2      | Reached skill level 5 in Maces & Flails
   790 | D:2      | Reached XP level 3. HP: 31/31 MP: 2/2
   994 | D:2      | Reached ** piety under Trog
  1165 | D:2      | Found a burning altar of Makhleb.
  1344 | D:3      | Reached XP level 4. HP: 39/39 MP: 3/3
  1492 | D:3      | Found a deep blue altar of Sif Muna.
  2195 | D:4      | Noticed an ogre
  2199 | D:4      | Killed an ogre
  2199 | D:4      | Reached XP level 5. HP: 45/45 MP: 2/4
  2251 | D:4      | Found a stormy altar of Qazlal.
  2439 | D:4      | Noticed Sigmund
  2454 | D:4      | Killed Sigmund
  2454 | D:4      | Reached XP level 6. HP: 50/51 MP: 5/5
  2524 | D:4      | Reached *** piety under Trog
  2553 | D:4      | Reached XP level 7. HP: 24/57 MP: 2/6
  2700 | D:5      | Entered Level 5 of the Dungeon
  2872 | D:5      | Reached skill level 10 in Maces & Flails
  3393 | D:6      | Found a sacrificial altar of Ru.
  3466 | D:6      | Noticed Prince Ribbit
  3475 | D:6      | Killed Prince Ribbit
  3475 | D:6      | Reached XP level 8. HP: 51/64 MP: 5/7
  3654 | D:6      | Reached skill level 3 in Armour
  4009 | D:6      | Reached skill level 4 in Armour
  4248 | D:7      | Reached skill level 5 in Armour
  4463 | D:7      | Reached skill level 5 in Fighting
  4671 | D:7      | Noticed Menkaure
  4680 | D:7      | Killed Menkaure
  4680 | D:7      | Reached skill level 6 in Armour
  4680 | D:7      | Reached XP level 9. HP: 68/74 MP: 8/8
  4715 | D:7      | Reached **** piety under Trog
  4770 | D:7      | Found a staircase to the Ecumenical Temple.
  4952 | D:7      | Found a shadowy altar of Dithmenos.
  5277 | D:8      | Noticed Pikel
  5293 | D:8      | Reached skill level 7 in Armour
  5303 | D:8      | Killed Pikel
  5336 | D:8      | Found a staircase to the Lair.
  5337 | D:8      | Noticed a komodo dragon
  5365 | D:8      | Killed a komodo dragon
  5365 | D:8      | Reached skill level 8 in Armour
  5573 | D:8      | Found a white marble altar of Elyvilon.
  5579 | D:8      | Reached skill level 5 in Dodging
  5651 | D:8      | Found Midgh's Magic Scroll Boutique.
  5675 | D:8      | Bought a scroll of identify for 22 gold pieces
  5675 | D:8      | Bought a scroll of vulnerability for 82 gold pieces
  5675 | D:8      | Bought a scroll of magic mapping for 38 gold pieces
  5675 | D:8      | Bought a scroll of identify for 22 gold pieces
  5675 | D:8      | Bought a scroll of teleportation for 33 gold pieces
  5675 | D:8      | Bought a scroll of torment for 82 gold pieces
  5827 | D:8      | Noticed Erica
  5840 | D:8      | Killed Erica
  5840 | D:8      | Reached skill level 9 in Armour
  5840 | D:8      | Reached XP level 10. HP: 29/90 MP: 9/9
  5973 | D:8      | Paralysed by a hornet for 2 turns
  6277 | D:8      | Found an iron altar of Okawaru.
  6378 | D:9      | Reached ***** piety under Trog
  6625 | D:9      | Noticed Maurice
  6635 | D:9      | Killed Maurice
  6769 | D:9      | Reached skill level 10 in Armour
  6778 | D:9      | Reached skill level 10 in Fighting
  6804 | D:9      | Noticed Grum
  6815 | D:9      | Killed Grum
  7075 | D:9      | Reached XP level 11. HP: 101/101 MP: 10/10
  7121 | D:9      | Received a gift from Trog
  7204 | D:9      | Found a staircase to the Orcish Mines.
  7205 | D:9      | Noticed a two-headed ogre
  7208 | D:9      | Killed a two-headed ogre
  7208 | D:9      | Reached skill level 11 in Armour
  7290 | D:9      | Noticed Joseph
  7325 | D:9      | Killed Joseph
  7417 | Lair:1   | Entered Level 1 of the Lair of Beasts
  7669 | Lair:1   | Reached skill level 12 in Armour
  8704 | Lair:2   | Found a staircase to the Swamp.
  8708 | Lair:2   | HP: 5/104 [swamp worm (8)]
  8859 | Lair:2   | Reached skill level 13 in Armour
  8865 | Lair:2   | Reached XP level 12. HP: 99/113 MP: 11/11
  9593 | Lair:3   | Found a labyrinth entrance.
  9663 | Lab      | Entered a labyrinth
 10302 | Lab      | Received a gift from Trog
 11623 | Lab      | Noticed a minotaur
 11629 | Lab      | Killed a minotaur
 11668 | Lab      | Got a pair of shimmering gloves
 11704 | Lair:3   | Identified the +0 pair of gloves of Amorality {+Blink rElec rC+ rN+} (You found it in a labyrinth)
 11753 | Lair:3   | Reached skill level 14 in Armour
 12281 | Lair:4   | Noticed Urug
 12297 | Lair:4   | Killed Urug
 12470 | Lair:4   | Found a staircase to the Snake Pit.
 12550 | Lair:4   | Noticed an eight-headed hydra
 12557 | Lair:4   | Killed an eight-headed hydra
 12631 | Lair:4   | Noticed Rupert
 12631 | Lair:4   | Noticed Harold
 12649 | Lair:4   | Reached skill level 15 in Armour
 12659 | Lair:4   | Killed Rupert
 12687 | Lair:4   | Killed Harold
 12687 | Lair:4   | Reached XP level 13. HP: 96/123 MP: 12/12
 13036 | Lair:4   | Reached skill level 10 in Dodging
 13056 | Lair:4   | Noticed sipior's ghost (adept GrEE)
 13180 | Lair:4   | Killed sipior's ghost
 13518 | Lair:5   | Received a gift from Trog
 13600 | Lair:5   | Reached skill level 16 in Armour
 13647 | Lair:5   | Found a staircase to the Slime Pits.
 14539 | Lair:6   | Entered Level 6 of the Lair of Beasts
 14736 | Lair:6   | Reached skill level 15 in Fighting
 15380 | Lair:6   | Reached XP level 14. HP: 88/135 MP: 13/13
 15433 | Lair:6   | Reached skill level 17 in Armour
 16351 | Orc:1    | Entered Level 1 of the Orcish Mines
 16407 | Orc:2    | Entered Level 2 of the Orcish Mines
 17205 | Orc:1    | Received a gift from Trog
 17373 | Orc:2    | Found a staircase to the Elven Halls.
 18036 | Orc:2    | Killed from afar by an orc high priest

Skill      XL: |  1  2  3  4  5  6  7  8  9 10 11 12 13 14 |
---------------+-------------------------------------------+-----
Maces & Flails | 4 5 6 7 9 11 12 | 12.0
Armour         | 6 9 10 13 15 16 17 | 17.4
Fighting       | 5 8 10 12 13 15 16 | 16.0
Dodging        | 3 5 6 8 9 11 | 11.5
Shields        | 4 |  4.1

Action                   |  1- 3 |  4- 6 |  7- 9 | 10-12 | 13-15 || total
-------------------------+-------+-------+-------+-------+-------++-------
Melee: Mace              |    63 |    31 |       |       |       ||    94
       Headbutt          |     7 |    19 |    78 |   229 |   259 ||   592
       Whip              |       |    72 |   323 |   769 |   906 ||  2070
Invok: Berserk           |       |     2 |     9 |    16 |    18 ||    45
       Burn Spellbooks   |       |     1 |     1 |     2 |     1 ||     5
       Trog's Hand       |       |       |     2 |     4 |    12 ||    18
Evoke: Wand              |       |       |       |     2 |       ||     2
  Use: Scroll            |       |       |     9 |     5 |     4 ||    18
       Potion            |       |       |       |     3 |     3 ||     6
  Eat: Chunk             |     1 |     6 |    35 |    43 |    34 ||   119
       Ration            |       |       |     1 |     1 |       ||     2
Armor: Animal skin       |     1 |       |       |       |       ||     1
       Skin              |     8 |       |       |       |       ||     8
       Ring mail         |     3 |    27 |    15 |       |       ||    45
       Plate armour      |       |       |   110 |   237 |   360 ||   707
Dodge: Dodged            |    55 |    44 |    85 |   249 |   329 ||   762
Block: Buckler           |       |       |       |   101 |   150 ||   251
